 Dungeon Crawl Stone Soup version 0.22-a0-782-g038298e (webtiles) character file.

395 Amnesiac the Cutter (level 6, -5/41 HPs)
             Began as a Mummy Earth Elementalist on July 20, 2018.
             Was an Initiate of Gozag.
             Splashed by Ijyb's acid (10 damage)
             ... on level 5 of the Dungeon.
             The game lasted 00:07:56 (2481 turns).

Amnesiac the Cutter (Mummy Earth Elementalist)      Turns: 2481, Time: 00:07:57

Health: -5/41      AC:  0    Str: 11    XL:     6   Next: 52%
Magic:  10/10      EV: 12    Int: 17    God:    Gozag
Gold:   24         SH:  0    Dex: 12    Spells: 4/11 levels left

rFire    x . .     SeeInvis .   d - +2 dagger (venom)
rCold    + . .     Gourm    .   (no shield)
rNeg     + + +     Faith    .   c - +0 robe
rPois    ∞         Spirit   .   j - +2 hat
rElec    .         Reflect  .   (no cloak)
rCorr    .         Harm     .   (no gloves)
MR       .....                  (no boots)
Stlth    ++........             (no amulet)
HPRegen  0.13/turn              g - ring of flight
MPRegen  0.12/turn              (no ring)

@: corroded
A: no food or potions, fire vulnerability, cold resistance 1, negative energy
resistance 3, torment resistance, unbreathing
a: Potion Petition, Call Merchant, Bribe Branch, Renounce Religion, Evoke Flight


You were on level 5 of the Dungeon.
You worshipped Gozag.
Gozag was noncommittal.
You were not hungry.

You visited 2 branches of the dungeon, and saw 6 of its levels.

You collected 92 gold pieces.
You paid 68 gold pieces to Gozag.

Inventory:

Hand Weapons
 a - a +0 dagger
 d - a +2 dagger of venom (weapon)
Missiles
 b - 106 stones (quivered)
Armour
 c - a +0 robe (worn)
 j - a +2 hat (worn)
Jewellery
 g - a ring of flight (left hand)


   Skills:
 * Level 3.4 Short Blades
 - Level 1.5 Dodging
 + Level 3.2 Stealth
 - Level 3.1 Spellcasting
 + Level 2.4 Transmutations
 - Level 3.1 Earth Magic


You had 4 spell levels left.
You knew the following spells:

 Your Spells              Type           Power        Failure   Level  Hunger
a - Sandblast             Erth           ##....       4%          1    N/A
b - Passwall              Tmut/Erth      ##......     9%          2    N/A
e - Petrify               Tmut/Erth      ##......     50%         4    N/A

Your spell library contained the following spells:

 Spells                   Type           Power        Failure   Level  Hunger
 Stone Arrow              Conj/Erth      #.....       26%         3    N/A
 Lee's Rapid Deconstruct  Erth           ##........   80%         5    N/A

Dungeon Overview and Level Annotations

Branches:
Dungeon (5/15)             Temple (1/1) D:5

Altars:
Cheibriados
Elyvilon
Fedhas
Gozag
Hepliaklqana
Kikubaaqudgha
Makhleb
Okawaru
Qazlal
Ru
Sif Muna
Uskayaw
Vehumet
Wu Jian
Xom
Yredelemnul
Zin
The Shining One

Annotations:
D:2 Terence
D:5 Edmund, Ijyb


Innate Abilities, Weirdness & Mutations

You do not eat or drink.
Your flesh is vulnerable to fire.
You are immune to poison.
Your flesh is cold resistant. (rC+)
You are immune to negative energy. (rN+++)
You are immune to unholy pain and torment.
You can survive without breathing.


Message History

There is a staircase to the Ecumenical Temple here.
The orc shouts!
The orc wizard is too close now for your liking.
Ijyb shouts!
The orc wizard shouts!
You hit the orc but do no damage.
The orc is poisoned.
The orc completely misses you.
You barely miss the orc. The orc misses you.
You hit the orc.
The orc looks as sick as possible!
The orc is severely wounded.
You kill the orc!
Ijyb zaps a wand.
The bolt of acid hits the orc.
The orc is splashed with acid.
The acid corrodes the orc!
The orc dies!
The bolt of acid misses you.
It is a wand of acid (8).
The orc wizard casts a spell at you. The puff of flame misses you.
The orc wizard gestures wildly while chanting.
The orc wizard seems to speed up.
You swing at nothing.
You barely miss the orc. The orc hits you but does no damage.
You hit the orc.
The orc is poisoned.
The orc is heavily wounded.
You kill the orc!
The orc wizard is distracted by the nearby gold.
You swing at nothing.
Things that are here:
6 gold pieces; a vampiric hand axe You hit the orc wizard.
The orc wizard is poisoned.
The orc wizard is no longer distracted by gold.
The orc wizard is lightly wounded.
The orc wizard hits you with a dagger.
The orc wizard hits you but does no damage.
You hit the orc wizard but do no damage.
The orc wizard looks even sicker.
The orc wizard is lightly wounded.
The orc wizard hits you but does no damage.
You hit the orc wizard.
The orc wizard is moderately wounded.
The orc wizard hits you but does no damage.
You hit the orc wizard but do no damage.
The orc wizard is heavily wounded.
The orc wizard casts a spell at you. The puff of flame hits you!
The fire burns you terribly!
The orc wizard cheers noisily, as Orcs often do.
The orc wizard misses you.
You hit the orc wizard.
The orc wizard looks as sick as possible!
The orc wizard is almost dead.
You kill the orc wizard!
You start resting.
Ijyb is too close now for your liking.
Casting: Sandblast (safe; 4% risk of failure)
Confirm with . or Enter, or press ? or * to list all spells.
The spell is very dangerous to cast (50% risk of failure)!
Continue anyway? [Y]es or [N]o only, please.
The spell is very dangerous to cast (50% risk of failure)!
Continue anyway?
Okay, then.
Ijyb zaps a wand.
The bolt of acid hits you!
Ouch! That really hurt!
* * * LOW HITPOINT WARNING * * *
The acid corrodes you!
You are splashed with acid!
The acid burns!
You die...
Your body crumbles into a pile of gold.

..........#.##.#### #.....#####.
###########.......####.....#.....
#.......##.......#.####
#.......##.####....#
#............###..##
####.##.##.#......##
#..##.##.#####...#
..#####g###..#.........###
........$.@.........#.....#
>.#####.###................ $
#..#....#.....#.......
##.##....#.......#.##..
####..##..................
#8>8.###......#........... #...##
#.....###.......... #.### #....##
##.......O #. #O...# .......


You could see Ijyb.

Vanquished Creatures
  A centaur (D:5)
  An ogre (D:5)
  A jelly (D:5)
  A hound (D:4)
  An orc wizard (D:5)
  2 worker ants
  A worker ant zombie (D:5)
  6 adders
  A leopard gecko (D:5)
  3 orcs (D:5)
  2 giant cockroaches
  2 goblins (D:1)
  3 hobgoblins
  3 kobolds
  A quokka (D:4)
  A ball python skeleton (D:5)
  A bat (D:1)
  3 frilled lizards
  A leopard gecko zombie (D:5)
  3 rats
38 creatures vanquished.

Vanquished Creatures (others)
  An orc (D:5)
1 creature vanquished.

Grand Total: 39 creatures vanquished

Notes
Turn   | Place    | Note
-------+----------+-------------------------------------------
     0 | D:1      | Amnesiac the Mummy Earth Elementalist began the quest for the Orb.
     0 | D:1      | Reached XP level 1. HP: 13/13 MP: 4/4
   252 | D:2      | Reached XP level 2. HP: 13/19 MP: 3/5
   256 | D:2      | Learned a level 2 spell: Passwall
   346 | D:2      | Noticed Terence
   709 | D:4      | Noticed a phantom
   724 | D:4      | Reached XP level 3. HP: 24/24 MP: 4/7
   751 | D:4      | Reached skill level 1 in Short Blades
   844 | D:3      | Reached skill level 1 in Transmutations
   885 | D:4      | Found a glowing golden altar of the Shining One.
  1033 | D:4      | Reached XP level 4. HP: 19/30 MP: 8/8
  1087 | D:4      | Learned a level 4 spell: Petrify
  1445 | D:5      | Entered Level 5 of the Dungeon
  1491 | D:5      | Noticed Edmund
  1491 | D:5      | Noticed an ogre
  1498 | D:4      | Reached XP level 5. HP: 32/35 MP: 9/9
  1544 | D:5      | Noticed Ijyb
  1685 | D:5      | Found a stormy altar of Qazlal.
  1733 | D:5      | Killed an ogre
  1738 | D:5      | Reached XP level 6. HP: 37/41 MP: 5/10
  2366 | D:5      | Found a staircase to the Ecumenical Temple.
  2373 | Temple   | Entered the Ecumenical Temple
  2412 | Temple   | Became a worshipper of Gozag Ym Sagoz the Greedy
  2481 | D:5      | Splashed by Ijyb's acid

Vault maps used:
D:1:      evilmike_arrival_crescent, minmay_cut_off
D:2:      uniq_terence
D:3:      grunt_temple_overflow_diamond, chequers_ecumenical_altar_simple_redux,
          first_ration
D:4:      nicolae_tso_carved_into_rock, serial_glass, glass_columns_b,
          glass_columns_c
D:5:      nicolae_qazlal_eye_of_the_storm, temple_statues, uniq_edmund,
          uniq_ijyb
Temple:   nicolae_temple_x_marks_the_god

Skill      XL: |  1  2  3  4  5  6 |
---------------+-------------------+-----
Spellcasting   | 3 |  3.1
Earth Magic    | 3 |  3.1
Short Blades   | 1 2 3 |  3.4
Transmutations | 1 2 |  2.4
Stealth        | 2 3 |  3.2
Dodging        | |  1.5

Action                   |  1- 3 |  4- 6 || total
-------------------------+-------+-------++-------
Melee: Dagger            |    31 |    52 ||    83
 Cast: Sandblast         |    16 |     9 ||    25
       Petrify           |       |     2 ||     2
       Passwall          |       |     1 ||     1
  Use: Scroll            |       |     4 ||     4
 Stab: Sleeping          |     2 |     1 ||     3
       Distracted        |     1 |       ||     1
       Petrified         |       |     3 ||     3
Armor: Robe              |     3 |    12 ||    15
Dodge: Dodged            |    17 |    40 ||    57

Table legend:
 A = Spawn XP
 B = Non-spawn XP
 C = Spawn XP percentage of total XP
 D = Spawn monster count
 E = Non-spawn monster count
 F = Spawn count percentage of total count
 G = Total turns spent on level
                    A         B        C        D         E        F      G
               +---------+---------+-------+---------+---------+-------+---------
         Total |       0 |     565 |   0.0 |       0 |      38 |   0.0 |  2481
               +---------+---------+-------+---------+---------+-------+---------
           D:1 |       0 |       9 |   0.0 |       0 |       6 |   0.0 |   230
           D:2 |       0 |      23 |   0.0 |       0 |       8 |   0.0 |   432
           D:3 |       0 |      16 |   0.0 |       0 |       3 |   0.0 |    60
           D:4 |       0 |     117 |   0.0 |       0 |       7 |   0.0 |  1059
           D:5 |       0 |     400 |   0.0 |       0 |      14 |   0.0 |   656
               +---------+---------+-------+---------+---------+-------+---------
